 Dungeon Crawl Stone Soup version 0.29.1-13-g9f3cf754e1 (webtiles) character file.

Game seed: 463264750244279125

71 Thatpatchoflichen the Ducker (level 4, -1/34 HPs)
             Began as a Human Gladiator on Feb 4, 2023.
             Slain by an iguana (6 damage)
             ... on level 4 of the Dungeon.
             The game lasted 00:03:41 (2267 turns).

Thatpatchoflichen the Ducker (Human Gladiator)      Turns: 2267, Time: 00:03:42

Health: -1/34      AC:  9    Str: 14    XL:     4   Next: 47%
Magic:  4/4        EV: 10    Int:  8    God:
Gold:   47         SH:  0    Dex: 17    Spells: 3/3 levels left

rFire   . . .      SeeInvis .   a - +0 long sword
rCold   . . .      Faith    .   (no shield)
rNeg    . . .      Spirit   .   p - +0 scale mail
rPois   .          Reflect  .   c - +0 helmet
rElec   .          Harm     .   (no cloak)
rCorr   .          Rampage  .   j - +0 pair of gloves
Will    .....                   n - +0 pair of boots
Stlth   ..........              (no amulet)
HPRegen 0.11/turn               (no ring)
MPRegen 0.09/turn               (no ring)

@: lethally poisoned (-1 -> -13)
A: no striking features
a: no special abilities


You were on level 4 of the Dungeon.
You visited 1 branch of the dungeon, and saw 4 of its levels.

You collected 47 gold pieces.

Inventory:

Hand Weapons
 a - a +0 long sword (weapon)
Missiles
 d - 3 throwing nets (quivered)
 e - a javelin
Armour
 c - a +0 helmet (worn)
 j - a +0 pair of gloves (worn)
 n - a +0 pair of boots (worn)
 p - a +0 scale mail (worn)
Scrolls
 i - 2 scrolls of enchant armour {unknown}
 o - a scroll of magic mapping {unknown}
 q - a scroll of poison {unknown}
 r - a scroll of identify {unknown}
 s - a scroll of fear {unknown}
 t - a scroll of teleportation {unknown}
Potions
 b - a potion of heal wounds {unknown}
 f - a potion of cancellation {unknown}
 g - a potion of berserk rage {unknown}
 h - a potion of resistance {unknown}
 k - a potion of lignification {unknown}
 l - 2 potions of curing {unknown}
 m - a potion of brilliance {unknown}
 u - 2 potions of might {unknown}


   Skills:
 + Level 2.9 Fighting
 + Level 3.6 Long Blades
 - Level 2.0 Throwing
 + Level 0.5 Armour
 + Level 3.7 Dodging


You had 3 spell levels left.
You didn't know any spells.
Your spell library contained the following spells:

 Spells                   Type           Power      Damage    Failure   Level
 Shock                    Conj/Air       0%         1d3       89%         1
 Portal Projectile        Hex/Tloc       0%         N/A       99%         3
 Swiftness                Air            0%         N/A       99%         3
 Tukima's Dance           Hex            0%         N/A       99%         3
 Airstrike                Air            0%         2d(0-16)  100%        4
 Blade Hands              Tmut           0%         N/A       100%        5


Dungeon Overview and Level Annotations

Branches:
Dungeon (5/15)
 Temple: D:4-7

Altars:
Fedhas


Message History

The giant cockroach bites you but does no damage.
The giant cockroach barely misses you.
There is a stone staircase leading down here.
The giant cockroach barely misses you.
You climb downwards.
The iguana hisses angrily.
Found a robe and 6 poisoned darts.
There is a stone staircase leading up here.
You hit the giant cockroach but do no damage.
The giant cockroach closely misses you.
The iguana bites you but does no damage.
The giant cockroach bites you.
You hit the giant cockroach.
The giant cockroach is heavily wounded.
The giant cockroach bites you but does no damage.
The iguana closely misses you.
You slash the giant cockroach!
You kill the giant cockroach!
The iguana bites you! The iguana bites you!
You climb upwards.
The scorpion barely misses you.
The scorpion stings you but does no damage.
There is a stone staircase leading down here.
You barely miss the iguana. The scorpion stings you.
The iguana barely misses you.
You hit the iguana but do no damage. The scorpion stings you.
The iguana bites you but does no damage.
The scorpion closely misses you.
The iguana bites you but does no damage.
You closely miss the iguana. The scorpion stings you.
* * * LOW HITPOINT WARNING * * *
You are lethally poisoned!
The scorpion poisons you!
The iguana bites you but does no damage.
You closely miss the iguana.
* * * LOW HITPOINT WARNING * * *
You feel very sick.
The scorpion stings you but does no damage.
The iguana bites you.
You die...

## ... ..## #.#
## #... #.###..
.... ......
#..### #....
#...###..#
#...#..#
#####s....###
#..l@.##....#
.....######.##.#
### #.s..#
###..####
##....#
#.##.######
#.##......#
#.#######.# #.#
#..


You could see a scorpion and an iguana.

Vanquished Creatures
  A worm (D:2)
  A dart slug (D:2)
  4 endoplasms
  4 giant cockroaches
  10 hobgoblins
  4 quokkas (D:1)
  4 ball pythons
  6 bats
  5 frilled lizards
  9 goblins
  4 kobolds
  7 rats
59 creatures vanquished.

Notes
Turn   | Place    | Note
-------+----------+-------------------------------------------
     0 | D:1      | Thatpatchoflichen the Human Gladiator began the quest for
                  | the Orb.
     0 | D:1      | Reached XP level 1. HP: 16/16 MP: 1/1
   400 | D:1      | Reached XP level 2. HP: 20/22 MP: 2/2
   819 | D:1      | Reached XP level 3. HP: 22/28 MP: 3/3
  1799 | D:2      | Reached XP level 4. HP: 32/34 MP: 4/4
  1846 | D:2      | Found a blossoming altar of Fedhas.
  1876 | D:2      | Found a faded altar of an unknown god.
  2209 | D:2      | You fall into a shaft and drop 2 floors!
  2234 | D:4      | Noticed a scorpion
  2258 | D:5      | Entered Level 5 of the Dungeon
  2258 | D:5      | Noticed a scorpion
  2267 | D:4      | Slain by an iguana

Illustrated notes

Levels and vault maps discovered:
D:1:      dpeg_arrival_circle_labyrinth_c, layout_basic, serial_glass,
          glass_columns_a, glass_columns_a, glass_columns_c, glass_columns_b,
          minmay_cut_off
D:2:      layout_rooms, basic_ecumenical_altar, basic_altar, uniq_natasha,
          uniq_crazy_yiuf_cottage
D:4:      layout_rooms
D:5:      layout_basic, minmay_temple_entry_drinking_statues, uniq_duvessa

Action                   |  1- 3 |  4- 6 || total
-------------------------+-------+-------++-------
Melee: Long sword        |   119 |    51 ||   170
       Punch             |     1 |       ||     1
 Stab: Sleeping          |     1 |       ||     1
Armor: Leather armour    |    48 |       ||    48
       Scale mail        |    16 |    41 ||    57
Dodge: Dodged            |    83 |    40 ||   123
